 Dungeon Crawl Stone Soup version 0.24.0-37-gcf1ca852f1 (webtiles) character file.

Game seed: 8663019367063795450, levelgen mode: deterministic

3518 Delamore the Severer (level 10, -3/86 HPs)
             Began as a Hill Orc Fighter on Nov 23, 2019.
             Was a Priest of Okawaru.
             Slain by a troll (5 damage)
             ... on level 9 of the Dungeon.
             The game lasted 00:15:55 (9355 turns).

Delamore the Severer (Hill Orc Fighter)             Turns: 9355, Time: 00:15:56

Health: -3/86      AC: 13    Str: 23    XL:     10   Next: 8%
Magic:  10/10      EV:  9    Int:  8    God:    Okawaru [***...]
Gold:   399        SH:  6    Dex: 10    Spells: 9/9 levels left

rFire    . . .     SeeInvis .   a - +0 war axe
rCold    + . .     Gourm    .   C - +2 buckler
rNeg     . . .     Faith    .   y - +2 scale mail {rC+}
rPois    .         Spirit   .   g - +2 helmet
rElec    .         Reflect  .   p - scarf {cloud immunity}
rCorr    .         Harm     .   D - +0 pair of gloves
MR       .....                  (no boots)
Stlth    ..........             (no amulet)
HPRegen  0.24/turn              (no ring)
MPRegen  0.12/turn              (no ring)

@: starving
A: no striking features
a: Heroism, Renounce Religion


You were on level 9 of the Dungeon.
You worshipped Okawaru.
Okawaru was most pleased with you.
You were starving.

You visited 1 branch of the dungeon, and saw 10 of its levels.
You also visited: Ossuary.

You collected 469 gold pieces.
You spent 70 gold pieces at shops.

Inventory:

Hand Weapons
 a - a +0 war axe (weapon)
Missiles
 e - 7 javelins (quivered)
 m - 13 poisoned darts
Armour
 g - a +2 helmet (worn)
 p - a scarf of cloud immunity (worn)
 s - a +0 plate armour
 y - a +2 scale mail of cold resistance (worn)
 C - a +2 buckler (worn)
 D - a +0 pair of gloves (worn)
Wands
 b - a wand of polymorph (6)
 E - a wand of flame (9)
Scrolls
 h - 2 scrolls of enchant armour
 l - 8 scrolls of teleportation
 o - a scroll of magic mapping
 q - a scroll of remove curse
 r - 2 scrolls of enchant weapon
 t - 3 scrolls of blinking
 v - 3 scrolls of fear
 z - a scroll of fog
 A - a scroll of identify
Potions
 c - a potion of magic {unknown}
 d - a potion of might
 i - 2 potions of brilliance
 j - 2 potions of agility
 k - 6 potions of lignification
 n - 2 potions of flight
 u - 2 potions of ambrosia
 w - 4 potions of curing
 x - 2 potions of cancellation {unknown}
 B - a potion of degeneration {unknown}
Comestibles
 f - 22 rations


   Skills:
 + Level 7.0 Fighting
 + Level 16.1 Axes
 - Level 3.2 Armour
 - Level 3.2 Shields


You had 9 spell levels left.
You didn't know any spells.
Your spell library contained the following spells:

 Spells                   Type           Power        Failure   Level  Hunger
 Beastly Appendage        Tmut           #.....       75%         1    ##.....
 Summon Small Mammal      Summ           #...         75%         1    ##.....
 Call Imp                 Summ           #.......     87%         2    ###....
 Sticks to Snakes         Tmut           #.......     87%         2    ###....
 Call Canine Familiar     Summ           #.......     98%         3    ####...
 Spider Form              Tmut/Pois      #.........   98%         3    ####...
 Summon Guardian Golem    Hex/Summ       #.......     98%         3    ####...
 Ice Form                 Ice/Tmut       #.......     100%        4    #####..
 Summon Ice Beast         Ice/Summ       #.......     100%        4    #####..
 Summon Lightning Spire   Summ/Air       #.......     100%        4    #####..
 Blade Hands              Tmut           #.........   100%        5    ######.


Dungeon Overview and Level Annotations

Branches:
Dungeon (10/15)            Temple (0/1) D:7         Ossuary (visited)
   Lair: D:8-11         Orc: D:9-12

Altars:
Ashenzari
Cheibriados
Elyvilon
Gozag
Okawaru
Sif Muna
Yredelemnul
The Shining One

Shops:
D:6 =   D:8 }(!}*

Annotations:
D:9 Erica


Message History

You kill the yak!
Okawaru accepts your kill.
Your Fighting skill increases to level 7!
You hit the yak but do no damage. The yak gores you.
* * * LOW HITPOINT WARNING * * *
The yak gores you!
* * * LOW HITPOINT WARNING * * *
You see here a yak corpse.
You butcher the yak corpse.
The yak barely misses you.
You hit the yak but do no damage.
The yak is severely wounded.
The yak closely misses you. The bullfrog hits you.
* * * LOW HITPOINT WARNING * * *
The bullfrog barely misses you.
The bullfrog hits you but does no damage.
There is a stone staircase leading down here.
You block the bullfrog's attack. The troll bites you!
* * * LOW HITPOINT WARNING * * *
The troll closely misses you. The troll claws you.
You die...

..# ..# ###.F#
.YT..#
##########Y...####
#....)...#........
#...YF..%#.....#
#...@TYY.'.#
##########.# ..#
...# ....# .....#
....... ...>....


You could see 3 yaks, a troll and a bullfrog.

Vanquished Creatures
  Prince Ribbit (D:6)
  A hippogriff (D:6)
  Sigmund (D:2)
  A yak (D:9)
  Menkaure (D:6)
  Duvessa (D:6)
  2 orc warriors (D:8)
  2 black bears (D:7)
  An ice beast (D:5)
  A sky beast (D:8)
  2 ogres
  2 phantoms (D:4)
  A centaur (D:8)
  A big kobold (D:8)
  3 bullfrogs
  Dowan (D:6)
  A scorpion (D:4)
  A crimson imp (D:6)
  A centaur zombie (Ossuary)
  2 human zombies (Ossuary)
  2 jellies
  4 hounds
  4 orc priests (D:8)
  A centaur skeleton (D:7)
  2 iguanas
  Jessica (D:6)
  6 orc wizards
  8 worker ants
  A big kobold zombie (Ossuary)
  A hound skeleton (D:4)
  A hound zombie (D:5)
  2 mummies (Ossuary)
  A howler monkey zombie (D:6)
  Robin (D:2)
  10 adders
  7 gnolls
  2 shadow imps
  4 adder skeletons
  An adder zombie (Ossuary)
  4 worms
  3 dart slugs
  6 leopard geckos
  24 orcs
  6 bats
  5 giant cockroaches
  14 goblins
  10 hobgoblins
  14 jackals
  5 kobolds
  A quokka (D:6)
  2 ball pythons
  3 frilled lizards
  2 goblin zombies (Ossuary)
  14 hobgoblin zombies (Ossuary)
  2 jackal zombies (Ossuary)
  4 kobold zombies (Ossuary)
  A leopard gecko skeleton (D:8)
  A leopard gecko zombie (D:5)
  9 orc zombies (Ossuary)
  2 quokka skeletons
  19 rats
  A rat zombie (Ossuary)
238 creatures vanquished.

Notes
Turn   | Place    | Note
-------+----------+-------------------------------------------
     0 | D:1      | Delamore the Hill Orc Fighter began the quest for the Orb.
     0 | D:1      | Reached XP level 1. HP: 19/19 MP: 1/1
    24 | D:1      | Reached skill level 3 in Axes
    59 | D:1      | Reached XP level 2. HP: 26/26 MP: 2/2
    77 | D:1      | Reached skill level 4 in Axes
   379 | D:1      | Reached XP level 3. HP: 29/31 MP: 3/3
   547 | D:1      | Reached skill level 5 in Axes
   771 | D:2      | Reached XP level 4. HP: 22/39 MP: 4/4
   884 | D:2      | Found a faded altar of an unknown god.
   955 | D:2      | Noticed Sigmund
  1324 | D:2      | Killed Sigmund
  1324 | D:2      | Reached skill level 8 in Axes
  1324 | D:2      | Reached XP level 5. HP: 6/45 MP: 5/5
  1324 | D:2      | Reached XP level 6. HP: 7/51 MP: 6/6
  1770 | D:2      | Noticed Robin
  1776 | D:2      | Killed Robin
  1946 | D:2      | Found an opulent altar of Gozag.
  2455 | D:3      | Found a glowing golden altar of the Shining One.
  2468 | D:3      | Found an iron altar of Okawaru.
  2477 | D:3      | Became a worshipper of Warmaster Okawaru
  2738 | D:3      | You fall into a shaft and drop 2 floors!
  2738 | D:5      | Entered Level 5 of the Dungeon
  2752 | D:5      | Noticed an ice beast
  2760 | D:5      | Killed an ice beast
  2760 | D:5      | Reached skill level 9 in Axes
  3032 | D:4      | Reached XP level 7. HP: 35/57 MP: 7/7
  3109 | D:4      | Found a snail-covered altar of Cheibriados.
  3261 | D:4      | Found a sand-covered staircase.
  3273 | Ossuary  | Entered an ossuary
  3378 | Ossuary  | Reached skill level 10 in Axes
  3859 | D:4      | Reached * piety under Okawaru
  3859 | D:4      | Reached skill level 11 in Axes
  4163 | D:4      | Reached XP level 8. HP: 44/64 MP: 8/8
  4296 | D:4      | Reached skill level 12 in Axes
  4967 | D:5      | Found a white marble altar of Elyvilon.
  5536 | D:6      | Reached skill level 13 in Axes
  6050 | D:6      | Found Fuav's Jewellery Shop.
  6189 | D:6      | Noticed Duvessa
  6209 | D:6      | Killed Duvessa
  6209 | D:6      | Reached ** piety under Okawaru
  6211 | D:6      | Noticed Dowan
  6212 | D:6      | Noticed Jessica
  6228 | D:6      | Killed Jessica
  6238 | D:6      | Found a shimmering blue altar of Sif Muna.
  6246 | D:6      | Killed Dowan
  6246 | D:6      | Reached XP level 9. HP: 57/70 MP: 9/9
  6347 | D:6      | Noticed Menkaure
  6354 | D:6      | Noticed Prince Ribbit
  6360 | D:6      | Killed Menkaure
  6360 | D:6      | Reached skill level 14 in Axes
  6368 | D:6      | Killed Prince Ribbit
  6998 | D:7      | Found a staircase to the Ecumenical Temple.
  7131 | D:7      | Found a shattered altar of Ashenzari.
  7206 | D:7      | Reached skill level 15 in Axes
  7948 | D:8      | Found a basalt altar of Yredelemnul.
  7951 | D:8      | Found Tibunywo's Assorted Antiques.
  8026 | D:8      | Reached skill level 5 in Fighting
  8148 | D:8      | Found Ijadon's Distillery.
  8157 | D:8      | Reached *** piety under Okawaru
  8190 | D:8      | Bought a potion of heal wounds for 70 gold pieces
  8347 | D:8      | Found Suireal's Gadget Shoppe.
  8359 | D:8      | Found Rybyev's Weapon Emporium.
  8398 | D:8      | Found Ciefu's Gadget Shoppe.
  8439 | D:8      | Reached XP level 10. HP: 47/84 MP: 8/10
  8443 | D:8      | Reached skill level 16 in Axes
  8814 | D:9      | Noticed Erica
  8968 | D:9      | HP: 4/84 [something/orb of energy (8)]
  8976 | D:10     | Entered Level 10 of the Dungeon
  9355 | D:9      | HP: 2/86 [troll (10)]
  9355 | D:9      | Slain by a troll

Levels and vault maps discovered:
D:1:      dpeg_arrival_tiny_g, layout_loops_ring, minmay_rat_gold_closets
D:2:      minmay_chambers_of_ones, layout_basic, grunt_gozag_statues,
          chequers_ecumenical_altar_simple_redux, uniq_sigmund, uniq_robin
D:3:      layout_basic, nicolae_overflow_crystal_walls,
          nicolae_overflow_hidden_temple, nicolae_ru_the_path_less_chosen,
          minivault_26, dk_noncrumbling_2, nemelex_dance_club_becter
D:4:      kennysheep_big_flooded_room, layout_basic, cheibriados_altar_1,
          enter_ossuary_1
D:5:      layout_gridville, elyvilon_altar_3, first_ration,
          chequers_serial_rivers_room_a
D:6:      layout_cave_pods, tgw_sif, serial_shops, nicolae_shop_trees,
          grunt_ministairs_3, roderic_lattice_a, uniq_menkaure,
          uniq_prince_ribbit1, uniq_duvessa
D:7:      layout_basic, evilmike_ruin_ashenzari, minmay_temple_entry_mist
D:8:      layout_basic, yredelemnul_altar_generic, serial_shops, shop, shop,
          shop, kennysheep_mini, shop, blue_anna_alchemist
          [blue_anna_fruit_fields, blue_anna_fruit_fields]
D:9:      minmay_blocky_corners, layout_irregular_city, basic_altar, uniq_erica
D:10:     layout_irregular_city, erik_lair_dragon, serial_column_ruins,
          column_ruins_square_small, column_ruins_hut,
          column_ruins_corridor_straight, column_ruins_grid_1,
          column_ruins_open_small, column_ruins_open_tiny, enter_trove_6,
          uniq_fannar

Skill      XL: |  1  2  3  4  5  6  7  8  9 10 |
---------------+-------------------------------+-----
Axes           | 3 4 5 8 9 11 13 15 16 | 16.1
Fighting       | 6 7 |  7.0
Armour         | |  3.2
Shields        | |  3.2

Action                   |  1- 3 |  4- 6 |  7- 9 | 10-12 || total
-------------------------+-------+-------+-------+-------++-------
Melee: War axe           |   128 |   141 |   522 |    37 ||   828
Throw: Boomerang         |       |     1 |    13 |       ||    14
       Javelin           |       |       |     5 |       ||     5
Invok: Heroism           |       |       |     1 |       ||     1
  Use: Scroll            |       |     5 |     6 |     3 ||    14
       Potion            |       |       |     1 |     1 ||     2
  Eat: Chunk             |       |     7 |    14 |     1 ||    22
       Ration            |       |       |     1 |       ||     1
Armor: Scale mail        |    64 |    59 |   199 |    10 ||   332
Dodge: Dodged            |    41 |    32 |   120 |    10 ||   203
Block: Shield            |    66 |    66 |   130 |       ||   262
       Buckler           |       |       |    22 |     8 ||    30
